 Dungeon Crawl Stone Soup version 0.31-a0-978-g1e143483b6 (webtiles) character file.

Game seed: 4468951476546267336

117 KarmaKiller the Trooper (level 4, -1/37 HPs)
             Began as a Demonspawn Berserker on Oct 30, 2023.
             Was a Believer of Trog.
             Succumbed to a kobold's poison
             ... on level 4 of the Dungeon.
             The game lasted 00:05:53 (1214 turns).

KarmaKiller the Trooper (Demonspawn Berserker)      Turns: 1214, Time: 00:05:54

Health: -1/37      AC:  5    Str: 20    XL:     4   Next: 71%
Magic:  4/4        EV: 11    Int: 10    God:    Trog [**....]
Gold:   95         SH:  0    Dex: 12    Spells: 3/3 levels left

rFire   . . .        g - +0 whip
rCold   . . .        (no shield)
rNeg    . . .        c - +0 ring mail
rPois   .            (no helmet)
rElec   .            (no cloak)
rCorr   .            (no gloves)
SInv    .            (no boots)
Will    .....        (no amulet)
Stlth   +            (no ring)
HPRegen 0.26/turn    (no ring)
MPRegen 0.09/turn

%: no passive effects
@: lethally poisoned (-1 -> -11), invisible
A: big brain 1
a: Renounce Religion, Berserk, Trog's Hand


You were on level 4 of the Dungeon.
You worshipped Trog.
Trog was pleased with you.
You visited 1 branch of the dungeon, and saw 3 of its levels.

You collected 95 gold pieces.

Inventory:

Hand Weapons
 b - a +0 dagger
 f - a +0 short sword
 g - a +0 whip (weapon)
 k - a +0 club
Missiles
 l - 2 curare-tipped darts
Armour
 a - a +0 animal skin
 c - a +0 ring mail (worn)
Scrolls
 e - a scroll of blinking {unknown}
 i - 2 scrolls of teleportation {unknown}
 m - a scroll of summoning {unknown}
Potions
 d - a potion of curing {unknown}
 j - a potion of brilliance


   Skills:
 + Level 3.7 Fighting
 + Level 0.6 Short Blades
 + Level 1.5 Maces & Flails
 + Level 2.6 Armour
 + Level 2.3 Dodging
 + Level 3.0 Unarmed Combat


You had 3 spell levels left.
You didn't know any spells.
Your spell library was empty.

Dungeon Overview and Level Annotations

Branches:
Dungeon (2/15)

Altars:

Shops:
D:1 (


Innate Abilities, Weirdness & Mutations

You have an unusually large brain. (Int +2)


Message History

The orc shouts!
The kobold misses you. The goblin completely misses you.
You barely miss the goblin.
The goblin is heavily wounded.
You recover from your berserk rage.
The kobold hits you with a +1 dagger of venom.
You are poisoned.
The goblin hits you but does no damage.
You barely miss the goblin.
The goblin is heavily wounded.
You feel very sick.
The kobold hits you with a +1 dagger of venom.
The goblin hits you but does no damage.
You miss the goblin.
The goblin is heavily wounded.
You feel sick. The kobold hits you but does no damage.
The goblin completely misses you.
You closely miss the goblin.
The goblin is heavily wounded.
You feel sick. The kobold closely misses you.
The goblin hits you but does no damage. The orc hits you with a +0 flail.
You hit the goblin.
You kill the goblin!
Trog accepts your kill.
You feel sick. The kobold barely misses you. The orc misses you.
You barely miss the orc.
You feel sick.
The kobold hits you with a +1 dagger of venom.
You are more poisoned.
The orc hits you but does no damage.
You closely miss the orc.
You feel sick. The kobold hits you but does no damage.
You are lethally poisoned!
The orc closely misses you.
You completely miss the orc.
* * * LOW HITPOINT WARNING * * *
You feel very sick. The kobold misses you. The orc hits you with a +0 flail!
* * * LOW HITPOINT WARNING * * *
You fade into invisibility!
You die...

..... .
...##.?..#..
............
#........#
##.......## #
##.........#.#...
#.#.......o)K......
.#...#......@#
..........$..#
#..###.......#
#.......# #####.###
#.# #.# ... .##


You could see an orc (unable to see you) and a kobold (unable to see you).

Vanquished Creatures
  A scorpion (D:4)
  A dart slug (D:1)
  5 endoplasms
  3 giant cockroaches
  3 goblins
  8 hobgoblins
  4 quokkas
  9 ball pythons
  3 bats
  6 frilled lizards
  4 kobolds (D:1)
  2 rats (D:1)
49 creatures vanquished.

Notes
Turn   | Place    | Note
-------+----------+-------------------------------------------
     0 | D:1      | KarmaKiller the Demonspawn Berserker began the quest for
                  | the Orb.
     0 | D:1      | Reached XP level 1. HP: 18/18 MP: 1/1
   269 | D:1      | Gained mutation: You have an unusually large brain. (Int
                  | +2) [demonic ancestry]
   269 | D:1      | Reached XP level 2. HP: 24/24 MP: 2/2
   291 | D:1      | Found a faded altar of an unknown god.
   461 | D:1      | Found Suzeolu's Antique Weapon Boutique.
   528 | D:1      | Reached XP level 3. HP: 28/29 MP: 3/3
   763 | D:1      | Reached ** piety under Trog
  1149 | D:2      | You fall into a shaft and drop 2 floors!
  1151 | D:4      | Noticed a scorpion
  1158 | D:4      | Killed a scorpion
  1159 | D:4      | Reached skill level 1 in Maces & Flails
  1159 | D:4      | Reached XP level 4. HP: 37/37 MP: 4/4
  1213 | D:4      | HP: 1/37 [orc/+0 flail (7)]
  1214 | D:4      | Succumbed to a kobold's poison

Illustrated notes

Levels and vault maps discovered:
D:1:      lightli_arrival_flooded_house, layout_loops_cross, serial_shops,
          nicolae_shop_behind_doors, ebering_ecumenical_altar_sacrificial,
          minmay_cupped
D:2:      layout_rooms, uniq_natasha
D:4:      wander_river, layout_rooms, minmay_temple_entry_grid,
          grunt_ministairs_13

Skill      XL: |  1  2  3 |
---------------+----------+-----
Unarmed Combat | 3 |  3.0
Dodging        | 2 |  2.3
Armour         | 2 |  2.6
Maces & Flails | 1 |  1.5
Fighting       | |  3.7
Short Blades   | |  0.6

Action                     |  1- 3 |  4- 6 || total
---------------------------+-------+-------++-------
  Melee: Dagger            |    33 |       ||    33
         Unarmed           |     2 |       ||     2
         Whip              |   124 |    13 ||   137
         Short sword       |    25 |       ||    25
         Punch             |     6 |     1 ||     7
 Invoke: Berserk           |     2 |       ||     2
    Use: Scroll            |     2 |       ||     2
         Potion            |       |     1 ||     1
 Armour: Ring mail         |    99 |    13 ||   112
         Animal skin       |     1 |       ||     1
  Dodge: Dodged            |    98 |    11 ||   109

Table legend: (Time is in decaauts)
 A = Elapsed time spent in this place.
 B = Non-inter-level travel time spent in this place.
 C = Inter-level travel time spent in this place.
 D = Time resting spent in this place.
 E = Time spent auto-exploring this place.
 F = Levels seen in this place.
 G = Mean time per level.
                   A        B        C        D        E       F      G
               +--------+--------+--------+--------+--------+-----+--------+
         Total |   1240 |   1240 |      0 |     89 |      0 |   3 |  413.3 |
       Dungeon |   1240 |   1240 |      0 |     89 |      0 |   3 |  413.3 |
               +--------+--------+--------+--------+--------+-----+--------+

Top non-repeatable levels by time:
     D:1: 902 daAuts
     D:2: 261 daAuts
     D:4: 77 daAuts
